 Dungeon Crawl Stone Soup version 0.31.0-11-ge490571c62 (webtiles) character file.

Game seed: 8125600565695642016

53 qw the Shooter (level 3, 0/19 (20) HPs)
             Began as a Deep Elf Hunter on Feb 4, 2024.
             Slain by Grinder (6 damage)
             ... on level 3 of the Dungeon.
             The game lasted 00:00:05 (1335 turns).

qw the Shooter (Deep Elf Hunter)                    Turns: 1335, Time: 00:00:05

HP:   0/19 (20)     AC:  5    Str: 10    XL:     3   Next: 62%
MP:   5/5           EV: 11    Int: 13    God:
Gold: 99            SH:  0    Dex: 18    Spells: 2/2 levels left

rFire   . . .        a - +0 shortbow (drain)
rCold   . . .        (shield currently unavailable)
rNeg    . . .        h - +0 ring mail
rPois   .            (no helmet)
rElec   .            (no cloak)
rCorr   .            (no gloves)
SInv    .            (no boots)
Will    .....        j - amulet of regeneration
Stlth   +            (no ring)
HPRegen 1.03/turn    (no ring)
MPRegen 0.09/turn

%: no passive effects
@: about to teleport, drained
A: no striking features
a: no special abilities


You were on level 3 of the Dungeon.
You visited 1 branch of the dungeon, and saw 3 of its levels.

You collected 99 gold pieces.


   Skills:
 - Level 1.5 Fighting
 + Level 7.1 Ranged Weapons
 - Level 2.4 Dodging
 - Level 1.2 Stealth


You had 2 spell levels left.
You didn't know any spells.
Your spell library was empty.

Inventory:

Hand Weapons
 a - a +0 shortbow of draining (weapon)
Armour
 g - a +0 leather armour of fire resistance
 h - a +0 ring mail (worn)
Jewellery
 j - an amulet of regeneration (around neck)
Potions
 k - a potion of curing

Dungeon Overview and Level Annotations

Branches:
Dungeon (3/15)

Altars:

Annotations:
D:3 Grinder


Message History

Grinder gestures at you.
You suddenly lose the ability to move!
You can move again.
You shoot an arrow. The arrow hits Grinder.
Grinder is moderately wounded.
You shoot an arrow. The arrow hits Grinder.
Grinder is moderately wounded.
Grinder barely misses you.
You shoot an arrow. The arrow hits Grinder.
Grinder is heavily wounded.
Grinder blinks!
You shoot an arrow.
The arrow hits Grinder but does no damage.
Grinder is heavily wounded.
Grinder gestures at you.
You suddenly lose the ability to move!
You can move again.
You shoot an arrow.
The arrow hits Grinder but does no damage.
Grinder is heavily wounded.
Grinder closely misses you.
You shoot an arrow. The arrow closely misses Grinder.
Grinder hits you but does no damage. Grinder hits you.
You writhe in agony.
You shoot an arrow.
The arrow hits Grinder but does no damage.
Grinder is heavily wounded.
Grinder gestures at you. Pain shoots through your body!
1333 ||| READING scroll of teleportation.
As you read the scroll of teleportation, it crumbles to dust.
You feel strangely unstable. Grinder closely misses you.
You shoot an arrow. The arrow barely misses Grinder.
Grinder hits you but does no damage.
You shoot an arrow.
The arrow hits Grinder but does no damage.
Grinder is heavily wounded.
Grinder hits you but does no damage. Grinder hits you.
You die...
Grinder sighs, "Dead already?
I want a refund."

....... ...# .......
#....# #..#
.......##....# #..#.
....).......#######..#.
#.#....
#.#.............
.......
#.#...######..#.
....#..##.#...# #..#.
..............# #....
.####.@#.#.#.######..#.
#..5...............
#..#.#.########....
#........ #..##
#..#...### #..#
...#.#..#######..#
....#.............##
...................#
#.#.###.####...#


You could see Grinder.

Vanquished Creatures
  An adder (D:3)
  2 dart slugs (D:1)
  4 bats
  3 endoplasms
  2 giant cockroaches
  A goblin (D:2)
  5 hobgoblins
  4 jackals (D:2)
  5 kobolds
  A quokka (D:1)
  3 ball pythons
  2 frilled lizards (D:1)
  5 rats
38 creatures vanquished.

Notes
Turn   | Place    | Note
-------+----------+-------------------------------------------
     0 | D:1      | qw the Deep Elf Hunter began the quest for the Orb.
     0 | D:1      | Reached XP level 1. HP: 12/12 MP: 3/3
     0 | D:1      | 0 ||| qw: Version: 0.3-a-160-g6735b56
     0 | D:1      | 0 ||| qw: Game counter: 4977
     0 | D:1      | 0 ||| qw: Melee chars always use a shield: true
     0 | D:1      | 0 ||| qw: God list: Okawaru
     0 | D:1      | 0 ||| qw: Allow faded altars: false
     0 | D:1      | 0 ||| qw: Do Orc after clearing Dungeon:15 true
     0 | D:1      | 0 ||| qw: Do second Lair branch before Depths: true
     0 | D:1      | 0 ||| qw: Lair rune preference: random
     0 | D:1      | 0 ||| qw: Goals: Normal
     0 | D:1      | 0 ||| PLANNING D:1-11
   113 | D:1      | Reached XP level 2. HP: 16/16 MP: 4/4
   142 | D:1      | Reached skill level 6 in Ranged Weapons
   404 | D:1      | 404 ||| UPGRADING to +0 leather armour of fire resistance.
   414 | D:1      | 414 ||| DROPPING +0 leather armour.
   415 | D:1      | 415 ||| UPGRADING to +0 ring mail.
   425 | D:1      | 425 ||| UPGRADING to amulet of regeneration.
   430 | D:1      | 430 ||| READING scroll labelled YWNAME MEGEYGON.
   531 | D:1      | 531 ||| READING 2 scrolls labelled GAT LUSASU.
   531 | D:1      | 531 ||| IDENTIFYING scroll labelled MOXKETOKAV
   532 | D:1      | 532 ||| READING scroll of identify.
   532 | D:1      | 532 ||| IDENTIFYING scroll labelled DOCWUTREGOL
   533 | D:1      | 533 ||| DROPPING scroll of butterflies.
   534 | D:1      | 534 ||| DROPPING scroll of fog.
   602 | D:2      | Reached XP level 3. HP: 18/20 MP: 5/5
  1247 | D:2      | 1247 ||| DROPPING ring of flight.
  1248 | D:2      | 1248 ||| READING 3 scrolls of identify.
  1248 | D:2      | 1248 ||| IDENTIFYING inky potion
  1249 | D:2      | 1249 ||| READING 2 scrolls of identify.
  1249 | D:2      | 1249 ||| IDENTIFYING scroll labelled CEGOAL ARIUNU
  1250 | D:2      | 1250 ||| READING scroll of identify.
  1250 | D:2      | 1250 ||| IDENTIFYING scroll labelled DAMUCKAIDI
  1251 | D:2      | 1251 ||| READING scroll of brand weapon.
  1251 | D:2      | 1251 ||| BRANDING +0 shortbow.
  1252 | D:2      | 1252 ||| READING 2 scrolls labelled HASEES GEXKY.
  1253 | D:2      | 1253 ||| DROPPING scroll of vulnerability.
  1254 | D:2      | 1254 ||| DROPPING scroll of fear.
  1283 | D:3      | Reached skill level 7 in Ranged Weapons
  1319 | D:3      | Noticed Grinder
  1323 | D:3      | Paralysed by Grinder for 2 turns
  1328 | D:3      | Paralysed by Grinder for 2 turns
  1332 | D:3      | HP: 3/19 [Grinder/nerve-wracking pain (9)]
  1333 | D:3      | 1333 ||| READING scroll of teleportation.
  1335 | D:3      | Slain by Grinder

Levels and vault maps discovered:
D:1:      lightli_arrival_statuegarden, layout_rooms
D:2:      layout_basic
D:3:      layout_basic, uniq_grinder

Skill      XL: |  1  2  3 |
---------------+----------+-----
Ranged Weapons | 6 7 |  7.1
Fighting       | |  1.5
Dodging        | |  2.4
Stealth        | |  1.2

Action                     || total
---------------------------++-------
   Fire: Shortbow          ||   107
    Use: Scroll            ||     9
 Armour: Ring mail         ||    37
         Leather armour    ||     7
  Dodge: Dodged            ||    49

Table legend:
 A = Non-vault XP
 B = Vault XP
 C = Vault XP percentage of total XP
 D = Non-vault monster count
 E = Vault monster count
 F = Vault count percentage of total count
                 A         B        C        D         E       F
            +---------+---------+-------+---------+---------+-------
      Total |      76 |       0 |   0.0 |      38 |       0 |   0.0
            +---------+---------+-------+---------+---------+-------
        D:1 |      34 |       0 |   0.0 |      18 |       0 |   0.0
        D:2 |      28 |       0 |   0.0 |      18 |       0 |   0.0
        D:3 |      14 |       0 |   0.0 |       2 |       0 |   0.0
            +---------+---------+-------+---------+---------+-------
